[Event "Early-Titled-Tuesday-Blitz-October-17-2023"]
[Site "Chess.com"]
[Date "2023.10.17"]
[Round "3"]
[White "Herman-NY"]
[Black "LeoWin2012"]
[Result "1-0"]
[WhiteElo "2546"]
[BlackElo "2314"]
[TimeControl "180+1"]
[EndTime "8:30:42 PDT"]
[Termination "Herman-NY won by checkmate"]

1. e4 e6 2. d4 d5 3. e5 c5 4. c3 Nc6 5. Nf3 Qb6 6. Bd3 cxd4 7.
O-O dxc3 8. Nxc3 Nge7 9. Re1 Bd7 10. Nb5 Nc8 11. Be3 Qd8 12. h4 a6 13. Nbd4 Be7 14. h5 h6 15. Rc1 Nxd4 16. Nxd4 Bg5 17. f4 Bh4 18. Qg4 O-O 19. g3 Be7 20. Kh1 Nb6 21. Rc2 Nc4 22. Bg1 Bc5 23. b3 Bxd4 24. Bxd4 Na3 25. Rg2 Nb5 26. Be3 d4 27. Bd2 Bc6 28.
Re4 Bxe4 29. Bxe4 f5 30. exf6 Qxf6 31. Bxb7 Rab8 32. Be4 Rf7 33. Qe2 Rc7 34. Bd3 Rbc8 35. Qe4 Nc3 36. Qh7+ Kf7 37. Bg6+ Ke7 38. Kh2 Nd5 39.
Kh3 Rd8 40. Rf2 Rcc8 41. Bd3 Rh8 42. Qe4 Nc3 43. Qb7+ Kd6 44. Qxa6+ Rc6 45. Qa3+ Kc7 46. Qa5+ Kd6 47. b4 Nd5 48. b5 Rb6 49. Be4 Rc8 50.
Bxd5 Kxd5 51. Qxb6 Qf5+ 52. Kh2 Qxh5+ 53. Kg2 Qf5 54.
Qb7+ Kd6 55. Qxc8 Qe4+ 56. Kg1 Qb1+ 57. Kh2 Qg6 58. Qc6+ Ke7 59. Bb4+ Kf7 60. Qd7+ Kg8 61. Qxd4 Qh5+ 62. Kg2 Qxb5 63. Bc3 Qc6+ 64. Rf3 Qb7 65. Qxg7+ Qxg7 66. Bxg7 Kxg7 67. a4 Kf6 68. a5 Kf7 69. a6 e5 70. fxe5+ Ke6 71. a7 h5 72. a8=Q h4 73. Qc6+ Kxe5 74. Qf6+ Kd5 75. Rf5+ Kc4 76.
Qc6+ Kb3 77. Qb5+ Kc2 78. Rf2+ Kd1 79. Qb1# 1-0

[Event "Early-Titled-Tuesday-Blitz-October-17-2023"]
[Site "Chess.com"]
[Date "2023.10.17"]
[Round "3"]
[White "Balla_Tamas"]
[Black "Air-Conditioner07"]
[Result "1-0"]
[WhiteElo "2404"]
[BlackElo "2176"]
[TimeControl "180+1"]
[EndTime "8:30:42 PDT"]
[Termination "Balla_Tamas won on time"]

1. e4 e5 2. Nf3 Nc6 3. d4 exd4 4. Nxd4 Nf6 5. Nxc6 bxc6 6. e5 Qe7 7. Qe2 Nd5 8. h4 Qe6 9. c4 Ne7 10. g3 d6 11. Bh3 Qxe5 12. Qxe5 dxe5 13. Bxc8 Rxc8 14. Nc3 Nf5 15. O-O Bc5 16. Ne4 Bd4 17. Kg2 O-O 18. Rb1 Rb8 19. b3 Rfd8 20. Ba3 Nd6 21. Nc5 Bxc5 22. Bxc5 Ne4 23. Be3 Nd2 24. Bxd2 Rxd2 25. Rfe1 f6 26. Red1 Rbd8 27. Rxd2 Rxd2 28. a3 Ra2 29. a4 Kf7 30. Kf3 Ke6 31. Ke3 c5 32. f3 Rg2 33. g4 Rh2 34. h5 g6 35. hxg6 hxg6 36. Rd1 Rb2 37. Rd3 f5 38. gxf5+ gxf5 39. Rc3 Kf6 40. Rd3 f4+ 41. Ke4 Re2+ 42. Kd5 Re3 43. Rd1 Rxb3 44. Rf1 Ra3 45. Kxc5 Rxa4 46. Kd5 c6+ 47. Kc5 Ke6 48. Rd1 Ra3 49. Rf1 Ra4 50.
Rh1 Ra3 51. Rh6+ Kf5 52. Rh3 Re3 53. Kxc6 e4 54. Rh5+ Ke6 55. fxe4 Rxe4 56. c5 f3 57. Rh8 Rf4 58. Rh1 f2 59. Rf1 Ke7 60. Kb7 Kd7 61.
c6+ Kd6 62. c7 Rb4+ 63. Kc8 Rc4 64. Rd1+ Kc6 65. Kd8 Kb7 66. Rb1+ Ka6 67. c8=Q+ Rxc8+ 68. Kxc8 Ka5 69. Rf1 Ka4 70. Rxf2 a5 71. Kb7 Kb3 72. Kb6 a4 73. Kb5 a3 74. Rf3+ Kb2 75. Kb4 a2 76. Rf2+ Kb1 77. Kb3 1-0

[Event "Early-Titled-Tuesday-Blitz-October-17-2023"]
[Site "Chess.com"]
[Date "2023.10.17"]
[Round "3"]
[White "Kildepiotr"]
[Black "BlueWizzard"]
[Result "1-0"]
[WhiteElo "2649"]
[BlackElo "2819"]
[TimeControl "180+1"]
[EndTime "8:30:44 PDT"]
[Termination "Kildepiotr won on time"]

1. Nf3 Nc6 2. g3 e5 3. d3 Bc5 4. Bg2 d6 5. O-O Nf6 6. c3 Bb6 7. d4 Qe7 8. dxe5 dxe5 9. Bg5 h6 10. Bxf6 Qxf6 11. Nbd2 Bf5 12. e4 Bg4 13. h3 Be6 14.
Qe2 a5 15. Nc4 Ba7 16. Ne3 Bxe3 17. Qxe3 Qe7 18. Rfd1 a4 19. Nh4 O-O 20. Nf5 Qf6 21. Qf3 Ra5 22. a3 Kh7 23. Rd2 Rb5 24. Bf1 Rb6 25.
Qd1 Na5 26. Re2 Rd8 27. Qxa4 Nb3 28. Rae1 Bd7 29. Qa7 Bb5 30. Re3 Bxf1 31. Rxf1 Nd2 32. Rfe1 Qc6 33. R3e2 Nf3+ 34. Kg2 Nxe1+ 35. Rxe1 Rd2 36.
b4 Qxc3 37. Qb8 Rf6 38. Qf8 Rxf5 39. exf5 Qc6+ 40. Kg1 Qf3 41. Rf1 Qxf5 42. Qc5 b6 43. Qxc7 Qe6 44. Qc3 Rd7 45. h4 e4 46. Re1 f5 47. a4 Qd6 48. a5 Rc7 49. Qe3 bxa5 50. bxa5 Qb4 51. Ra1 Rc3 52. Qf4 Rc5 53. a6 Ra5 54.
Rxa5 Qxa5 55. a7 Qxa7 56. Qxf5+ Kh8 57. Qxe4 Qa1+ 58. Kg2 Qb2 59. h5 Qa1 60. Qe8+ Kh7 61.
Qg6+ Kh8 62. Qe4 Qb2 63. g4 Qc3 64. g5 hxg5 65. Qe8+ Kh7 66. Qg6+ Kg8 67. Qxg5 Qc6+ 68. Kg3 Qc3+ 69. Qe3 Qc7+ 70. Qf4 Qc3+ 71. Kh4 Qc6 72. Kg3 Qc3+ 73. Qf3 Qc6 74. Qxc6 1-0

[Event "Early-Titled-Tuesday-Blitz-October-17-2023"]
[Site "Chess.com"]
[Date "2023.10.17"]
[Round "3"]
[White "a-z30"]
[Black "gmcorrales"]
[Result "0-1"]
[WhiteElo "2505"]
[BlackElo "2882"]
[TimeControl "180+1"]
[EndTime "8:30:45 PDT"]
[Termination "gmcorrales won by resignation"]

1. d3 d5 2. Nf3 Nf6 3. g3 g6 4. Bg2 Bg7 5. O-O O-O 6. c4 c5 7.
Nc3 Nc6 8. cxd5 Nxd5 9. Nxd5 Qxd5 10. Be3 Bxb2 11. Rb1 Bg7 12. Qc2 b6 13. Nd4 Nxd4 14. Bxd4 Qxd4 15. Bxa8 Bg4 16. Bg2 Rd8 17. h3 Be6 18. a4 Qc3 19. Qxc3 Bxc3 20. Rfd1 Rd4 21. a5 Bxa5 22. Ra1 Rd6 23. Rdc1 Kg7 24. g4 Bb3 25. Rcb1 Be6 26. Rc1 Bd7 27. Rc2 e6 28. Bf1 Kf6 29.
e3 Ke7 30. f4 Kd8 31. Kf2 Bc6 32. Be2 Kd7 33. Rxa5 bxa5 34. Rxc5 a4 35. Ra5 Kc7 36.
d4 Kb7 37. Bd3 Bd7 38. Ke2 Rb6 39.
Kd2 Rb3 40. Bc2 Ra3 41. Bd3 Ra2+ 42. Kc3 Ra3+ 43. Kd2 Bc6 44. Bc2 Kb6 45. Rc5 Ra2 46. Rc3 a5 47. Kc1 Bd5 48. Kb1 Kb5 49. e4 Kb4 50. exd5 Kxc3 51. Kxa2 exd5 52. Bxa4 Kxd4 53.
Be8 f6 54. Bf7 g5 55. f5 h6 56. Bg8 Ke5 57. Be6 d4 58. Kb3 Ke4 59. Kc2 Ke3 60.
Kd1 a4 61. Bd7 a3 62. Be6 Kd3 63. Ba2 Kc3 64. Kc1 d3 65. Be6 Kd4 66. Kd1 Ke4 67.
Kd2 Kd4 68. Bf7 Ke4 69. Be6 Kf3 70. Kxd3 Kg3 71. Ke4 Kxh3 72. Kf3 Kh4 73. Bd5 h5 74. Be6 hxg4+ 75. Kg2 g3 76. Bd5 Kg4 77. Bc4 Kf4 78.
Bb3 Kxf5 79. Kxg3 Ke5 80. Kf3 Kd4 81. Kg4 Kc3 82. Be6 Kb2 83. Kf5 a2 84. Bxa2 Kxa2 0-1

[Event "Early-Titled-Tuesday-Blitz-October-17-2023"]
[Site "Chess.com"]
[Date "2023.10.17"]
[Round "3"]
[White "dcremisi"]
[Black "Hovik_Hayrapetyan"]
[Result "0-1"]
[WhiteElo "2575"]
[BlackElo "2786"]
[TimeControl "180+1"]
[EndTime "8:30:47 PDT"]
[Termination "Hovik_Hayrapetyan won by resignation"]

1. d4 Nf6 2. Nf3 d5 3. c4 e6 4. Nc3 Bb4 5. cxd5 exd5 6. Bg5 h6 7. Bxf6 Qxf6 8. Qb3 Bxc3+ 9. bxc3 c6 10. e3 O-O 11.
Be2 Nd7 12. O-O Re8 13. c4 dxc4 14. Bxc4 Nb6 15. Bd3 Be6 16. Qc2 Rac8 17. Rab1 Qe7 18. Rb2 c5 19. dxc5 Rxc5 20. Qe2 Na4 21. Rc2 Rec8 22.
Rfc1 a6 23. Nd4 b5 24. Nb3 Bxb3 25. axb3 Nc3 26. Qd2 Qf6 27. b4 R5c6 28. h3 g6 29. e4 Qd4 30. Re1 Kg7 31. e5 Qxb4 32. e6 Rxe6 33.
Rxe6 fxe6 34. Qe3 Qd6 35. Qf3 b4 36. h4 Rc7 37. h5 g5 38. Rd2 Nd5 39. Be4 Rc1+ 40.
Rd1 Rxd1+ 41. Qxd1 a5 42. Bg6 Qe5 43. Qa4 Kf6 44.
Qe8 Qe1+ 45. Kh2 Ke5 46. Qh8+ Kd6 47. Qb8+ Kc5 48. Qf8+ Kc4 49. Qxh6 Qxf2 50. Qxg5 Qf4+ 51. Qxf4+ Nxf4 52. Kg3 Nxh5+ 53. Bxh5 b3 54. Kf2 a4 55. Bf7 a3 56. Bxe6+ Kc3 57. g4 a2 58. Ke3 a1=Q 59. Bf5 Qc1+ 60. Ke4 Qd2 61. Ke5 Qd4+ 62. Ke6 b2 63. g5 Qe3+ 64. Kf6 Qf4 65. Kg6 Qxf5+ 66. Kxf5 b1=Q+ 67. Kf6 Qb6+ 68. Kf7 Qc7+ 69. Kf6 Qd8+ 70. Kg6 Qg8+ 71. Kh6 Kd4 0-1

[Event "Early-Titled-Tuesday-Blitz-October-17-2023"]
[Site "Chess.com"]
[Date "2023.10.17"]
[Round "3"]
[White "arminmusovic"]
[Black "lamomiajunior"]
[Result "0-1"]
[WhiteElo "2484"]
[BlackElo "2733"]
[TimeControl "180+1"]
[EndTime "8:30:49 PDT"]
[Termination "lamomiajunior won by checkmate"]

1. a3 d5 2. Nc3 Nf6 3. d3 h6 4. h3 e5 5. e4 Nc6 6. Bd2 Be7 7. g3 Be6 8. Bg2 Qd7 9. Nf3 O-O-O 10. g4 d4 11. Ne2 Nh7 12. Ng3 Ng5 13. Bxg5 Bxg5 14.
b4 Bf4 15. Ne2 h5 16. b5 Ne7 17. g5 h4 18. Nfxd4 Bxg5 19. Nxe6 Qxe6 20. a4 Kb8 21. a5 Ng6 22. b6 cxb6 23. axb6 Qxb6 24. O-O Rc8 25. c4 Rhd8 26. Nc3 Nf4 27. Nd5 Qd4 28. Qg4 f6 29. Ra3 Nxd3 30. Qe2 Nf4 31. Qa2 Qxc4 32.
Ra1 Qxa2 33. R3xa2 a6 34. Rb1 Ka7 35. Rab2 Rb8 36. Nb4 Nd3 37. Nxd3 Rxd3 38. Bf1 Rd6 39. Ra2 Rb6 40. Rba1 Rd8 41. Kg2 Bf4 42. Kf3 g6 43. Ra5 g5 44. R1a2 Rdd6 45. Ra1 Rb3+ 46. Kg2 Kb8 47.
Bc4 Rc3 48. Bd5 Rb6 49. R5a4 Rb2 50. Rf1 Rg3+ 51. Kh1 Rxh3+ 52. Kg1 Rg3+ 53. Kh1 Rc3 54. Be6 h3 55. Ra5 h2 56. Rd5 Rcc2 57. Rd8+ Ka7 58.
f3 Rf2 59. Rfd1 Rbd2 60. R8xd2 Bxd2 61. Rb1 b5 62. Ra1 Kb6 63. Rb1 b4 64. Bb3 a5 65.
Ba4 Kc5 66. Bd7 Kd4 67. Bg4 a4 68. Ra1 a3 69. Rd1 b3 70. Rb1 b2 71. Rd1 a2 72.
f4 gxf4 73. Be2 b1=Q 74. Bf1 Rxf1+ 75. Kg2 Rg1+ 76. Kh3 Qxd1 77. Kh4 Qg4# 0-1

[Event "Early-Titled-Tuesday-Blitz-October-17-2023"]
[Site "Chess.com"]
[Date "2023.10.17"]
[Round "3"]
[White "Russian_berezka"]
[Black "guillembaches"]
[Result "1-0"]
[WhiteElo "2669"]
[BlackElo "2519"]
[TimeControl "180+1"]
[EndTime "8:30:50 PDT"]
[Termination "Russian_berezka won on time"]

1. d4 d5 2. c4 Nc6 3. Nc3 Nf6 4. Nf3 dxc4 5. d5 Na5 6. e4 c6 7. Be3 e6 8. d6 e5 9. Nxe5 Bxd6 10. Nxc4 Nxc4 11.
Bxc4 O-O 12. f3 Qc7 13. g3 b5 14. Bb3 b4 15. Ne2 Ba6 16. Qc2 Rfd8 17. Rc1 Rac8 18. Bc4 Bb7 19. O-O c5 20. Rfd1 h5 21. Bg5 Be5 22. Rxd8+ Rxd8 23. Bb3 Rc8 24. Bc4 Rd8 25. Bb3 Rc8 26. Be3 Bd6 27. Bc4 Qe7 28. Bf4 h4 29. Bxd6 Qxd6 30. Rd1 Qe7 31. Qd2 hxg3 32. hxg3 Kf8 33.
Qf4 Rd8 34. Rxd8+ Qxd8 35. Qe3 Qe7 36. Kg2 Nd7 37. Nf4 Nb6 38. Be2 g6 39. b3 Kg7 40.
Nd3 Nd7 41. Nb2 f6 42. Nc4 Ne5 43. Nxe5 Qxe5 44. Qd2 Qe7 45. Bc4 g5 46. Qd3 Bc8 47.
Qd5 Qf8 48. Qc6 Kh6 49. Qc7 g4 50. Qf4+ Kg7 51. fxg4 Qe7 52. Kf3 Qe5 53. Qxe5 fxe5 54.
Bd5 Kf6 55. Bc6 Kg5 56. Ke3 Bxg4 57. Kd3 Be6 58. Bd5 Kf6 59. Kc4 Bd7 60. Kxc5 a5 61. Kb6 a4 62. bxa4 Bxa4 63. Ka5 Bc2 64. Kxb4 Kg5 65.
a4 Kg4 66. a5 Kxg3 67. a6 1-0

[Event "Early-Titled-Tuesday-Blitz-October-17-2023"]
[Site "Chess.com"]
[Date "2023.10.17"]
[Round "3"]
[White "Grossboss19"]
[Black "GothamChess"]
[Result "1/2-1/2"]
[WhiteElo "2474"]
[BlackElo "2696"]
[TimeControl "180+1"]
[EndTime "8:31:03 PDT"]
[Termination "Game drawn by repetition"]

1. e4 e6 2. d4 d5 3. Nc3 dxe4 4. Nxe4 Nf6 5. Nxf6+ gxf6 6. Nf3 Nc6 7. c3 b6 8. Bd3 Bb7 9. Qe2 Qd7 10. Bf4 O-O-O 11. O-O-O Bd6 12. Bxd6 Qxd6 13. Kb1 Rhg8 14. Rhg1 Kb8 15.
g3 f5 16. Nd2 Qf8 17. f4 Qh6 18. Nf3 Qh5 19. Rgf1 a5 20. Ng5 Qxe2 21. Bxe2 Rg7 22. Rfe1 h6 23. Nf3 Ne7 24. Ne5 Ng6 25. Bh5 Be4+ 26.
Kc1 Nxe5 27. dxe5 Kc8 28. Rxd8+ Kxd8 29. Rd1+ Ke7 30. Kd2 f6 31. exf6+ Kxf6 32. Ke3 Ke7 33. Be2 Rg8 34. Bb5 c6 35. Be2 b5 36. Bf3 Bd5 37.
Bxd5 exd5 38. Re1 Kd6 39. Kd3 b4 40. Re5 Rf8 41. c4 Kc5 42. cxd5 cxd5 43. Re6 h5 44. Rh6 Re8 45. Rxh5 Re1 46. Rxf5 Rd1+ 47. Kc2 Rh1 48. Rh5 Kd4 49. f5 Ke5 50. f6+ Ke6 51. g4 a4 52.
Kd3 Rd1+ 53. Kc2 Rg1 54. h3 Rg2+ 55. Kd3 Rxb2 56. Rf5 b3 57. f7 bxa2 58. f8=Q Rb3+ 59. Ke2 a1=Q 60. Qf7+ Kd6 61. Rxd5+ Kc6 62. Qd7+ Kb6 63.
Rd6+ Kc5 64. Qc7+ Kb4 65. Rb6+ Ka3 66. Qd6+ Ka2 67. Qd2+ Kb1 68. Qd1+ Kb2 69. Rxb3+ axb3 70. Qd2+ Ka3 71. Qa5+ Kb2 72. Qe5+ Kb1 73. Qe4+ Ka2 74. Qa4+ Kb2 75. Qd4+ Kb1 76. Qd3+ Ka2 77. Qa6+ Kb2 78. Qf6+ Kb1 79. Qf5+ Kc1 80. Qf1+ Kb2 81. Qf6+ Kb1 82. Qf5+ Ka2 83. Qa5+ Kb2 84. Qd2+ Ka3 85. Qa5+ Kb2 1/2-1/2

[Event "Early-Titled-Tuesday-Blitz-October-17-2023"]
[Site "Chess.com"]
[Date "2023.10.17"]
[Round "3"]
[White "Eagle_2019"]
[Black "vladgoncharov"]
[Result "0-1"]
[WhiteElo "2720"]
[BlackElo "2554"]
[TimeControl "180+1"]
[EndTime "8:31:05 PDT"]
[Termination "vladgoncharov won by resignation"]

1. d4 Nf6 2. Nf3 e6 3. Bg5 h6 4. Bh4 c5 5. c3 cxd4 6. cxd4 Qa5+ 7. Nc3 Ne4 8. Nd2 Nxc3 9. bxc3 Nc6 10. Qc2 d5 11. e3 Bd7 12. Rb1 Qc7 13. Bg3 Qc8 14. c4 Na5 15. Bd3 Nxc4 16. Nxc4 dxc4 17. Qxc4 Qxc4 18.
Bxc4 Bc6 19. Bb5 Bxb5 20. Rxb5 b6 21. Kd2 Rc8 22. a4 Be7 23. Ra1 O-O 24. a5 Bd8 25.
axb6 Bxb6 26. Bd6 Rfd8 27. Bb4 Rd7 28. Ba5 Rdc7 29. Ra2 Rc6 30. Bxb6 axb6 31. Rab2 Rb8 32.
Kd3 Kf8 33. e4 Ke7 34. e5 Kd7 35. f4 Kc7 36. Ke4 Ra8 37. d5 Ra4+ 38. Ke3 exd5 39. Rxd5 Rc3+ 40. Kd2 Rcc4 41. g3 Rd4+ 42. Rxd4 Rxd4+ 43. Kc3 Rd1 44. Kc2 Rd5 45. Kc3 g5 46. Kc4 Rd1 47. Rf2 g4 48. f5 Rc1+ 49. Kd5 Rd1+ 50.
Ke4 Rc1 51. f6 b5 52. Kf5 Re1 53. Rc2+ Kb6 54. Rd2 b4 55. Rd7 b3 56. Rxf7 b2 57. Rf8 b1=Q+ 58. Ke6 Qb3+ 59. Kd6 Qd3+ 60. Ke6 Qc4+ 61.
Kf5 Qd5 62. Rb8+ Kc7 63. Re8 Kd7 64. Re7+ Kd8 65. Kg6 Rxe5 66. Rg7 Rg5+ 67. Kh7 Ke8 68. Kxh6 Rxg7 69. fxg7 Qg8 70. Kg6 Ke7 71. Kh6 Kf7 72.
Kg5 Qxg7+ 0-1

[Event "Early-Titled-Tuesday-Blitz-October-17-2023"]
[Site "Chess.com"]
[Date "2023.10.17"]
[Round "3"]
[White "MFatigue"]
[Black "salomez"]
[Result "1/2-1/2"]
[WhiteElo "2544"]
[BlackElo "2331"]
[TimeControl "180+1"]
[EndTime "8:31:07 PDT"]
[Termination "Game drawn - insufficient material"]

1. e4 c5 2. a3 Nf6 3. e5 Nd5 4. d4 cxd4 5. Qxd4 e6 6. c4 Nc6 7.
Qd1 Nb6 8. f4 d5 9. exd6 Qxd6 10. Qxd6 Bxd6 11. Nf3 Bd7 12. Nc3 O-O-O 13. b4 Be7 14.
Be3 Bf6 15. Rc1 Rhe8 16. Nb5 Kb8 17. Nd6 Re7 18. Ne4 Bb2 19. Rb1 Bxa3 20. Bc5 Ree8 21. Nd6 e5 22. Nxe8 Rxe8 23. fxe5 Nxe5 24. Nxe5 Rxe5+ 25. Kd2 Rf5 26. Bd3 Rg5 27. g3 Na4 28. Bd6+ Kc8 29.
h4 Rg4 30. Kc2 a5 31. Rb3 Bxb4 32. Bxb4 axb4 33. Rxb4 Rxg3 34. h5 Rg2+ 35. Kd1 Nc5 36. Be2 Rg3 37. Rb2 g6 38. hxg6 hxg6 39. Rh7 Kc7 40. Rxf7 Rg1+ 41. Kd2 Ne4+ 42. Ke3 Nc5 43. Rf1 Rg3+ 44. Kf4 Rc3 45. Rd2 Ne6+ 46. Ke5 Nc5 47.
Rfd1 Re3+ 48. Kf6 Re6+ 49. Kg5 Ne4+ 50. Kf4 Nxd2 51. Rxd2 Rf6+ 52. Kg3 g5 53. Bf3 Bc6 54. Bg4 Rf4 55. Be6 Rf1 56. Rh2 Rg1+ 57. Kf2 Rc1 58.
Rh7+ Kb6 59. Rg7 Rc2+ 60. Ke3 Rc3+ 61. Kd4 Rc1 62. Rxg5 Rd1+ 63. Kc3 Rc1+ 64. Kb2 Re1 65. Bg8 Re2+ 66. Kc3 Re3+ 67. Kd4 Re1 68. Rg3 Rd1+ 69. Kc3 Rc1+ 70. Kb2 Re1 71. Rc3 Kc5 72. Kc2 Re2+ 73.
Kd3 Rg2 74. Be6 Rg3+ 75. Kd2 Rxc3 76. Kxc3 Kd6 77. Bg8 Kc5 78. Bf7 b6 79. Kb3 Bd7 80.
Kc3 Bf5 81. Bg8 Bg4 82. Bf7 Bh3 83. Bg8 Bf1 84. Bf7 b5 85. cxb5 Bxb5 1/2-1/2

[Event "Early-Titled-Tuesday-Blitz-October-17-2023"]
[Site "Chess.com"]
[Date "2023.10.17"]
[Round "3"]
[White "alexrustemov"]
[Black "Cheer_Down"]
[Result "0-1"]
[WhiteElo "2806"]
[BlackElo "2519"]
[TimeControl "180+1"]
[EndTime "8:31:08 PDT"]
[Termination "Cheer_Down won by resignation"]

1. d4 Nf6 2. c4 g6 3. Nf3 Bg7 4. g3 c6 5. b3 d5 6. Bb2 O-O 7. Bg2 dxc4 8. bxc4 c5 9. O-O Qb6 10.
Qc1 cxd4 11. Bxd4 Qa6 12. Nbd2 Nc6 13. Bc3 Be6 14. Qb2 Bxc4 15. Nxc4 Qxc4 16. Rfc1 Qa6 17.
Ne5 Rac8 18. Nxc6 bxc6 19. e3 Qb6 20. Rab1 Qxb2 21. Rxb2 Nd5 22. Bxg7 Kxg7 23. Rb7 e6 24. Rxa7 Ra8 25. Rxa8 Rxa8 26. Bxd5 cxd5 27. Rc2 g5 28.
Kf1 g4 29. Ke2 Kf6 30. Kd3 Ke5 31. Kc3 Ke4 32. Kb4 e5 33. a4 Rb8+ 34. Kc3 d4+ 35.
exd4 exd4+ 36. Kd2 Ra8 37. Ra2 Ra5 38. Ra3 h5 39.
Ke2 f6 40. Kd2 f5 41. Ke2 f4 42. Kd2 f3 43. Kc2 Rc5+ 44. Kd1 Ra5 45. Kd2 Kd5 46. Kd3 Kc5 47. Ra1 Ra8 48. a5 Kb5 49. Rb1+ Kc5 50. Ra1 Kb5 51. Kxd4 Rxa5 52. Rc1 Ra2 53. Rf1 Re2 54. Kd5 Kb4 55. Kd4 Kb5 56. Kd5 Kb4 57. Kd4 Kb3 58. h3 Kc2 59. hxg4 hxg4 60. Rh1 Rxf2 61.
Ke3 Re2+ 62. Kf4 f2 63. Rf1 Kd2 64. Kxg4 Ke3 65. Kh3 Kf3 66. Ra1 Re1 67. Ra3+ Ke4 68.
Ra4+ Ke5 69. Ra5+ Ke6 70. Ra6+ Kf7 71. Ra7+ Ke8 72. Ra8+ Kd7 73. Ra7+ Ke6 74. Ra6+ Kd5 75. Ra5+ Kc4 76. Ra4+ Kb3 77. Rf4 f1=Q+ 78. Rxf1 Rxf1 79.
g4 Kc4 80. g5 Kd5 81. Kg4 Ke6 82. Kh5 Kf7 0-1

[Event "Early-Titled-Tuesday-Blitz-October-17-2023"]
[Site "Chess.com"]
[Date "2023.10.17"]
[Round "3"]
[White "Goryachkina"]
[Black "BJthechessgod"]
[Result "1-0"]
[WhiteElo "2656"]
[BlackElo "2380"]
[TimeControl "180+1"]
[EndTime "8:31:08 PDT"]
[Termination "Goryachkina won by resignation"]

1. e4 c5 2. Nf3 e6 3. d4 cxd4 4.
Nxd4 Nc6 5. Nc3 Qc7 6. g3 a6 7. Bg2 Nf6 8. O-O Be7 9. Nxc6 bxc6 10. Re1 d5 11. exd5 cxd5 12. Bf4 Qd8 13. Na4 O-O 14.
c4 Bd7 15. Nc3 Bc6 16. Be5 Rc8 17. Bxf6 Bxf6 18. cxd5 exd5 19. Nxd5 Bxb2 20. Rb1 Bxd5 21. Bxd5 Bc3 22. Re3 Re8 23. Bxf7+ Kxf7 24. Qb3+ Kf8 25.
Rxc3 Rxc3 26. Qxc3 Qd5 27. a3 Kg8 28. Re1 Rxe1+ 29. Qxe1 Kf7 30. h4 Qb3 31. Qa5 Qd1+ 32. Kg2 Qe2 33. Qf5+ Kg8 34. Qc5 h6 35. Qe3 Qc4 36. Kf3 Qd5+ 37. Ke2 Qa2+ 38. Kf1 Qb1+ 39. Kg2 Qb7+ 40. Qf3 Qb5 41. Qa8+ Kh7 42. Qe4+ Kh8 43. a4 Qa5 44. Qd4 Qf5 45. Qd8+ Kh7 46. Qd4 a5 47. Qf4 Qd5+ 48. Qf3 Qc4 49. Qf4 Qc6+ 50. Kh2 h5 51. Qd4 Kh6 52. Kg1 Qc1+ 53. Kg2 Qc6+ 54.
Kf1 Qc1+ 55. Ke2 Qc6 56. Ke3 Qe6+ 57. Kd3 Qb3+ 58. Ke4 Qe6+ 59. Kf4 Qf7+ 60. Ke5 Qe7+ 61. Kd5 Qd7+ 62. Kc5 Qa7+ 63. Kc4 Qf7+ 64. Kb5 Qf5+ 65. Kb6 Kh7 66. Ka6 Kh8 67. Qd8+ Kh7 68. Qxa5 Qxf2 69. Qxh5+ Kg8 70. Qe8+ Kh7 71. Qe4+ Kg8 72. Qf4 Qe2+ 73. Kb6 Qb2+ 74. Kc5 Qc3+ 75. Qc4+ 1-0

[Event "Early-Titled-Tuesday-Blitz-October-17-2023"]
[Site "Chess.com"]
[Date "2023.10.17"]
[Round "3"]
[White "GMSrinath"]
[Black "Lion-Al-Messi"]
[Result "0-1"]
[WhiteElo "2860"]
[BlackElo "2661"]
[TimeControl "180+1"]
[EndTime "8:31:12 PDT"]
[Termination "Lion-Al-Messi won by checkmate"]

1. Nf3 d5 2. e3 Nf6 3. c4 c6 4. Nc3 Nbd7 5. b3 e5 6. cxd5 cxd5 7. Bb2 Be7 8. Be2 a6 9. O-O O-O 10. d4 e4 11. Ne5 Re8 12. Rc1 Bd6 13. Na4 Nxe5 14. dxe5 Bxe5 15. Bxe5 Rxe5 16. Qd4 Re8 17.
Rfd1 Be6 18. Qb4 b5 19. Nc5 Qd6 20. a4 bxa4 21. Qxa4 h5 22. h3 Qe5 23. Nxe6 fxe6 24. Rc6 a5 25. Rdc1 Rf8 26. Rc7 Qf5 27. Qc6 Ne8 28.
Qxa8 Qxf2+ 29. Kh2 Nxc7 30. Qxa5 Qxe2 31. Qxc7 Qxe3 32.
Qc6 Rf6 33. Qe8+ Kh7 34. Rc8 Qf4+ 35. Kh1 Qf1+ 36. Kh2 Qf4+ 37. Kh1 h4 38. Qh8+ Kg6 39. Qe8+ Kg5 40. Qe7 Qf1+ 41. Kh2 Qf4+ 42. Kh1 g6 43.
Rc6 Qf1+ 44. Kh2 Qf4+ 45. Kh1 Qe5 46. Rc8 e3 47. Qb4 e2 48. Qd2+ Rf4 49. Rc1 Qe4 50. Re1 Kf5 51. Rxe2 Rf1+ 52. Kh2 Qf4+ 53. Qxf4+ Rxf4 54. Rb2 Rb4 55. Kg1 e5 56. Kf2 e4 57. Ke3 d4+ 58.
Kd2 Ke5 59. Kc2 Kd5 60. Ra2 Rb5 61. Ra8 Rc5+ 62. Kd2 e3+ 63. Kd1 Ke4 64. b4 Rc4 65. b5 Kd3 66. Ra3+ Ke4 67. Rb3 d3 68. b6 e2+ 69.
Kd2 Rc2+ 70. Ke1 Rc1+ 71. Kf2 e1=Q# 0-1

[Event "Early-Titled-Tuesday-Blitz-October-17-2023"]
[Site "Chess.com"]
[Date "2023.10.17"]
[Round "3"]
[White "Aash20"]
[Black "chessfatbear"]
[Result "1/2-1/2"]
[WhiteElo "2549"]
[BlackElo "2793"]
[TimeControl "180+1"]
[EndTime "8:31:19 PDT"]
[Termination "Game drawn by repetition"]

1. e4 e5 2. Nf3 Nf6 3. Nxe5 d6 4. Nf3 Nxe4 5. d4 d5 6. Bd3 Be7 7. O-O Nc6 8. c3 O-O 9. Nbd2 Nd6 10. Re1 Bf5 11. Nf1 Bxd3 12. Qxd3 Qd7 13. Ng3 Rae8 14.
Bf4 f6 15. Bxd6 Bxd6 16. Rxe8 Rxe8 17. Re1 Rxe1+ 18. Nxe1 a6 19. Qf5 Qxf5 20. Nxf5 Bf8 21. Nd3 Ne7 22. Nxe7+ Bxe7 23. f4 Kf7 24. Kf2 Ke6 25.
g4 g6 26. Kf3 Bd6 27. h3 b6 28. Ne1 c5 29. Nc2 f5 30. Ne3 cxd4 31. cxd4 Bc7 32. gxf5+ gxf5 33. Nd1 Bd8 34. Ke3 Bh4 35. Nc3 Kd6 36.
Ne2 Kc6 37. Ng1 Kd6 38. Nf3 Bf6 39. Kd3 Be7 40. Ne5 Ke6 41. Ke3 Bd6 42. Nf3 h6 43.
Ne1 Be7 44. Nd3 Bd6 45. b3 Ba3 46. Ne1 Bb4 47. Nf3 Bd6 48. h4 Be7 49. h5 Bd6 50.
Ne1 Be7 51. Nd3 Bd6 52. a4 a5 53. Ne1 Be7 54. Nf3 Bd6 55. Nh4 Be7 56. Ng6 Bd6 57. Kf3 Bb4 58. Ne5 Bd6 59. Nd3 Be7 60. Ke3 Bd6 61.
Ne1 Be7 62. Nf3 Bd6 63. Ng1 Be7 64. Ne2 Bd6 65. Kd3 Be7 66. Kc3 Bb4+ 67. Kd3 Bd6 68. Ke3 Be7 69. Kf3 Bd6 70. Ke3 Be7 71. Ng1 Bd6 72. Nf3 Be7 73. Ne5 Bd6 74. Nf3 Be7 75. Ne1 Bd6 76. Nd3 Be7 77. Ne5 Bd6 78. Ng6 Be7 79.
Kd3 Bd6 80. Kc3 Bb4+ 81. Kc2 Bd6 82. Kb2 Be7 83. Kc3 Bd6 84. Kd3 Be7 85. Ke3 Bd6 86. Nh4 Be7 87. Nf3 1/2-1/2

[Event "Early-Titled-Tuesday-Blitz-October-17-2023"]
[Site "Chess.com"]
[Date "2023.10.17"]
[Round "3"]
[White "Truequitos"]
[Black "MDBIchess"]
[Result "0-1"]
[WhiteElo "2504"]
[BlackElo "2361"]
[TimeControl "180+1"]
[EndTime "8:31:26 PDT"]
[Termination "MDBIchess won on time"]

1. Nf3 d5 2. g3 Nf6 3. Bg2 Bg4 4.
Ne5 Bf5 5. c4 e6 6. Qb3 Nc6 7.
f4 Nd4 8. Qa4+ c6 9. d3 Bb4+ 10. Bd2 b5 11. Qd1 Bxd2+ 12. Nxd2 bxc4 13. e3 Nb5 14. e4 dxe4 15. dxe4 Bg6 16. f5 Bh5 17. g4 Nxg4 18. Nxg4 Qh4+ 19. Nf2 Bxd1 20. Rxd1 O-O 21. O-O exf5 22. exf5 Nd4 23. Nde4 Ne2+ 24. Kh1 Rad8 25. f6 gxf6 26. Rxd8 Rxd8 27. Nh3 f5 28. Neg5 h6 29. Nf3 Qf6 30. Re1 Nd4 31. Nd2 Nc2 32.
Re2 Nd4 33. Rf2 f4 34. Nxc4 Ne6 35. Bf3 Qd4 36. b3 Qa1+ 37. Kg2 Ng5 38. Nxf4 Nxf3 39. Rxf3 Rd1 40. Ne3 Qxa2+ 41. Kh3 Rd2 42. Ng4 h5 43. Nf6+ Kg7 44. N4xh5+ Kf8 45. Ng4 Rc2 46. Nf4 Rb2 47.
Ng6+ Kg7 48. Ne7 Rxb3 49. Nf5+ Kf8 50. Nfe3 Ke8 51. Ne5 Kd8 52. Nxc6+ Kc7 53. Nd4 Ra3 54. Nb5+ Kb8 55. Nxa3 Qxa3 56. Kg4 Qe7 57. Nf5 Qe4+ 58.
Kg3 Qe5+ 59. Kg4 a5 60. h4 Qe4+ 61. Kg3 Qe5+ 62. Kg4 a4 63. h5 Qe4+ 64. Rf4 Qg2+ 65. Ng3 a3 66. Ra4 a2 67. h6 Qb2 68. h7 a1=Q 69. Rxa1 Qxa1 70. Nf5 Qh8 71. Ne7 Qxh7 72. Nc6+ Kc7 73. Ne5 Qg7+ 74. Kf5 Kd6 75. Ng4 Qg6+ 76. Kf4 Kc7 77. Ne5 Qf6+ 78. Ke4 Qe6 79. Kf4 f6 80. Ng6 Qd6+ 81. Kf5 Kb8 82. Nf4 Ka8 83. Ne6 Qe5+ 0-1

[Event "Early-Titled-Tuesday-Blitz-October-17-2023"]
[Site "Chess.com"]
[Date "2023.10.17"]
[Round "3"]
[White "MdChess1734"]
[Black "GregLeBarbare"]
[Result "1-0"]
[WhiteElo "2417"]
[BlackElo "2198"]
[TimeControl "180+1"]
[EndTime "8:31:30 PDT"]
[Termination "MdChess1734 won by resignation"]

1. e4 c6 2. d4 d5 3. Nc3 dxe4 4. Nxe4 Nf6 5. Ng3 Bg4 6. Be2 Bxe2 7. N1xe2 e6 8. Qd3 Nbd7 9. Bd2 Be7 10. O-O O-O 11. Nf4 Qb6 12. c4 Rad8 13. Be3 c5 14. Rfd1 cxd4 15. Bxd4 Bc5 16. Bxc5 Nxc5 17. Qe2 Rxd1+ 18.
Rxd1 Rd8 19. b3 Qc7 20. Ngh5 Nxh5 21. Nxh5 Rxd1+ 22. Qxd1 Qd7 23. Qg4 Kf8 24. Qxg7+ Ke7 25. Qg5+ Kd6 26. Nf6 Qc6 27. b4 Nd3 28. c5+ Kc7 29.
Qg3+ e5 30. Qxd3 Qxf6 31. g3 Qe6 32. a3 f5 33. Qe3 Qd5 34. h4 a5 35. Kh2 axb4 36. axb4 Kc6 37. Qa3 Kb5 38. Qa5+ Kc4 39. Qa2+ Kd4 40. Qd2+ Kc4 41. Qa2+ Kd4 42. Qb2+ Ke4 43.
Qe2+ Kd4 44. Kh3 e4 45. Qd2+ Ke5 46. Qb2+ Ke6 47. Kh2 h5 48. Qe2 f4 49. gxf4 Qf5 50. Kg3 Qg6+ 51. Kh2 Qf5 52. Qe3 Kd5 53. Qb3+ Kd4 54.
Qe3+ Kd5 55. Qd2+ Kc4 56. Qc2+ Kxb4 57. Qd2+ Kxc5 58. Qe3+ Kc4 59. f3 exf3 60. Qxf3 b5 61.
Qe2+ Kd4 62. Qd2+ Ke4 63. Qc2+ Kxf4 64. Qf2+ Ke5 65. Qc5+ Kf6 66. Qc6+ Kf7 67. Qc7+ Ke6 68. Qc6+ Ke7 69. Qc7+ Qd7 70. Qe5+ Kd8 71. Qxh5 Kc7 72. Qf3 Qd2+ 73. Kg3 b4 74. h5 Qg5+ 75. Kh3 Kb6 76. Qf7 Kc5 77. Qf2+ Kc4 78. Qe2+ Kc3 79. Qf3+ Kb2 80.
Qg2+ Ka3 81. Qxg5 1-0